 Dungeon Sprint DCSS version 0.25-a0-460-g4f2eb97ec1 (webtiles) character file.

Game seed: 2304259299045256406, levelgen mode: deterministic

5268 McKennaii the Spear-Bearer (level 10, 0/88 HPs)
             Began as a Demonspawn Fighter on Feb 3, 2020.
             Slain by Kirke (11 damage)
             ... in the Dungeon (Sprint II: "The Violet Keep of Menkaure").
             The game lasted 00:11:03 (2313 turns).

McKennaii the Spear-Bearer (Demonspawn Fighter)     Turns: 2313, Time: 00:11:03

Health: 0/88       AC:  0    Str: 20    XL:     10   Next: 36%
Magic:  10/10      EV: 17    Int:  9    God:
Gold:   262        SH:  0    Dex: 15    Spells: 9/9 levels left

rFire    . . .     SeeInvis .   (weapon currently unavailable)
rCold    . . .     Gourm    .   (shield currently unavailable)
rNeg     . . .     Faith    .   (armour currently unavailable)
rPois    .         Spirit   .   (helmet currently unavailable)
rElec    .         Reflect  .   (cloak currently unavailable)
rCorr    .         Harm     .   (gloves currently unavailable)
MR       .....     NoTele   +   (boots currently unavailable)
Stlth    ++........             y - amulet of the acrobat
HPRegen  0.24/turn              (ring currently unavailable)
MPRegen  0.12/turn              (ring currently unavailable)

@: pig-form, very quick
A: small, thin skeletal structure 1
a: no special abilities


You were in the Dungeon.
You were not hungry.
You were a filthy swine.
You visited 1 branch You collected 1175 gold pieces.
You spent 913 gold pieces at shops.

Inventory:

Hand Weapons
 a - a +0 trident (melded)
Armour
 c - a +0 shield (melded)
 s - a +0 pair of boots (melded)
 A - a +3 plate armour of magic resistance (melded)
Jewellery
 d - an uncursed amulet of the gourmand
 m - a ring of flight (melded)
 y - an amulet of the acrobat (around neck)
Scrolls
 j - 3 scrolls of fear {unknown}
 k - 3 scrolls of blinking
 l - a scroll of fog {unknown}
 n - 6 scrolls of identify
 o - a scroll of random uselessness {unknown}
 q - 3 scrolls of remove curse {unknown}
 u - a scroll of enchant weapon {unknown}
 w - a scroll of enchant armour {unknown}
 x - a scroll of amnesia {unknown}
Potions
 e - a potion of curing
 g - 2 potions of heal wounds
 h - a potion of haste
 i - 5 potions of magic
 r - 2 potions of resistance
 t - a potion of degeneration {unknown}
 v - a potion of brilliance {unknown}
 z - 2 potions of flight
Comestibles
 b - a ration


   Skills:
 + Level 11.6 Fighting
 * Level 13.7 Polearms
 + Level 9.8 Armour
 + Level 4.4 Dodging
 + Level 1.4 Stealth
 + Level 10.9 Shields


You had 9 spell levels left.
You didn't know any spells.
Your spell library was empty.

Dungeon Overview and Level Annotations

Branches:
Dungeon (1/1)

Altars:
Cheibriados
Dithmenos
Elyvilon
Fedhas
Gozag
Hepliaklqana
Kikubaaqudgha
Makhleb
Nemelex Xobeh
Okawaru
Qazlal
Ru
Sif Muna
Trog
Uskayaw
Vehumet
Wu Jian
Xom
Yredelemnul
Zin
The Shining One
Beogh
Jiyva
Lugonu

Shops:
D :?!*=?[=![%(*=:}

Annotations:
D exclusion: oklob plant, Kirke, Roxanne


Innate Abilities, Weirdness & Mutations

((You have a pair of horns on your head.))
You have a somewhat thin skeletal structure. (Dex +2, Stealth)
((You have sharp toenails.))


Message History

Your +0 shield melds into your body.
Your +3 plate armour of magic resistance melds into your body.
Your ring of flight melds into your body.
You feel less resistant to hostile enchantments.
You hit Kirke but do no damage.
Kirke is moderately wounded.
Kirke misses you.
You hit Kirke but do no damage.
Kirke is moderately wounded.
You hit Kirke.
Kirke is heavily wounded.
Kirke closely misses you.
You hit Kirke.
Kirke is heavily wounded.
Kirke hits you!
* * * LOW HITPOINT WARNING * * *
You closely miss Kirke.
Kirke is heavily wounded.
Kirke hits you!
You die...

§≈≈ #...▓§§§≈§≈≈≈▓▓ #+++##
#:°▓▓▓▓▓▓▓▓▓▓▓ .....#
#}=▓)(....).▓▓ '##..#
#○|▓...(((..▓▓ ..##.####
+.##.#[°▓..)(.[..▓▓ #..#....#
.^.####▓.....)..▓▓ #4####..##
#..##.#▓........▓▓ K###.##..#
+..#..#▓..[.(.()▓▓ .##.#.#..#
#.^#h.#▓....)...▓▓
<.@###'..####..##@#▓.[..(=.)▓▓
.##.#.#.z..###.^.##▓▓▓▓▓▓▓'▓▓▓▓+▓
'###.##..§.§.§≈≈≈≈≈≈≈≈≈≈≈≈..wXw≈▓
..####≈≈...§@≈#'########'###.≈w≈▓
#..#≈≈≈≈≈≈≈..≈#.._._._.#≈≈≈##≈≈≈▓
####≈≈≈≈≈≈≈≈.≈#._._._..#§§≈≈####▓
z##≈≈≈≈§≈≈§≈≈≈#_._._._.#§≈≈§≈#
≈≈≈○≈≈≈≈≈§≈≈§≈#._._._._#§≈≈≈≈≈#


You could see Kirke.

Vanquished Creatures
  A skeletal warrior (D)
  A merfolk siren (D)
  A yaktaur (D)
  A hornet (D)
  3 polar bears (D)
  2 hippogriffs (D)
  11 flying skulls (D)
  4 neqoxecs (D)
  Menkaure (D)
  4 necrophages (D)
  3 crocodiles (D)
  A hell rat (D)
33 creatures vanquished.

Vanquished Creatures (others)
  A crocodile (D)
  24 tentacles (D)
25 creatures vanquished.

Grand Total: 58 creatures vanquished

Notes
Turn   | Place    | Note
-------+----------+-------------------------------------------
     0 | D        | McKennaii the Demonspawn Fighter began the quest for the
                  | Orb.
     0 | D        | Reached XP level 1. HP: 18/18 MP: 1/1
     1 | D        | Noticed a merfolk siren
    20 | D        | Killed a crocodile
    65 | D        | Killed a merfolk siren
    65 | D        | Reached skill level 6 in Polearms
    65 | D        | Reached skill level 1 in Dodging
    65 | D        | Gained mutation: You have a pair of small horns on your
                  | head. [demonic ancestry]
    65 | D        | Reached XP level 2. HP: 17/31 MP: 2/2
    65 | D        | Reached XP level 3. HP: 20/36 MP: 3/3
    65 | D        | Gained mutation: You have a pair of horns on your head.
                  | [demonic ancestry]
    65 | D        | Reached XP level 4. HP: 23/43 MP: 4/4
    65 | D        | Reached XP level 5. HP: 26/48 MP: 5/5
    65 | D        | Reached XP level 6. HP: 30/55 MP: 6/6
   205 | D        | Noticed a neqoxec
   205 | D        | Noticed a neqoxec
   205 | D        | Noticed a neqoxec
   205 | D        | Noticed a neqoxec
   209 | D        | Killed a neqoxec
   210 | D        | Gained mutation: You have sharp toenails. [a neqoxec]
   212 | D        | Killed a neqoxec
   212 | D        | Reached skill level 7 in Polearms
   212 | D        | Gained mutation: You have a somewhat thin skeletal
                  | structure. (Dex +2, Stealth) [demonic ancestry]
   212 | D        | Reached XP level 7. HP: 63/63 MP: 7/7
   217 | D        | Killed a neqoxec
   219 | D        | Killed a neqoxec
   219 | D        | Reached skill level 8 in Polearms
   221 | D        | Noticed a hippogriff
   221 | D        | Noticed a hippogriff
   245 | D        | Reached XP level 8. HP: 63/69 MP: 8/8
   257 | D        | Reached skill level 9 in Polearms
   272 | D        | Found Dut Jappougu's Gadget Shop.
   272 | D        | Found Vaxt's General Store.
   272 | D        | Found Okhipif's Antique Weapon Shop.
   272 | D        | Found Pyr Xol's Distillery.
   272 | D        | Found Ceecy's Jewellery Shop.
   272 | D        | Found Ycseib's Food Shop.
   272 | D        | Found Fygav's Antique Armour Boutique.
   273 | D        | Found Qytwea's Magic Scroll Boutique.
   273 | D        | Found Efeali's Jewellery Shop.
   273 | D        | Found Waticsig's General Store.
   273 | D        | Found Compeiz's Jewellery Shop.
   274 | D        | Found Fienoh's Distillery.
   274 | D        | Found Huumy's Magic Scroll Boutique.
   274 | D        | Noticed a polar bear
   452 | D        | Noticed a hell hog
   453 | D        | Found Diophui's Book Boutique.
   453 | D        | Found Kaikucud's Antique Armour Shop.
   453 | D        | Noticed a hell hog
   454 | D        | Noticed Menkaure
   454 | D        | Noticed an oklob plant
   455 | D        | Found Cyrexad's Book Shoppe.
   455 | D        | Noticed a polar bear
   471 | D        | Killed Menkaure
   645 | D        | Noticed a flying skull
   664 | D        | Noticed a flying skull
   670 | D        | Noticed a flying skull
   725 | D        | Killed a hippogriff
   725 | D        | Reached skill level 10 in Fighting
   731 | D        | Killed a hippogriff
   731 | D        | Reached skill level 10 in Polearms
   783 | D        | Found a roughly hewn altar of Beogh.
   784 | D        | Found a hazy altar of Hepliaklqana.
   784 | D        | Found a snail-covered altar of Cheibriados.
   785 | D        | Found a stormy altar of Qazlal.
   785 | D        | Found a viscous altar of Jiyva.
   785 | D        | Found a shadowy altar of Dithmenos.
   786 | D        | Found a sacrificial altar of Ru.
   786 | D        | Found an ancient bone altar of Kikubaaqudgha.
   786 | D        | Found a white marble altar of Elyvilon.
   787 | D        | Found an ornate altar of the Wu Jian Council.
   787 | D        | Found a shimmering blue altar of Sif Muna.
   787 | D        | Found a corrupted altar of Lugonu.
   961 | D        | Found a shimmering altar of Xom.
   961 | D        | Found a bloodstained altar of Trog.
   961 | D        | Found a burning altar of Makhleb.
   962 | D        | Found a glowing golden altar of the Shining One.
   962 | D        | Found a basalt altar of Yredelemnul.
   962 | D        | Found a hide-covered altar of Uskayaw.
   964 | D        | Found a glowing silver altar of Zin.
   964 | D        | Found a radiant altar of Vehumet.
   964 | D        | Found a blossoming altar of Fedhas.
   964 | D        | Found a sparkling altar of Nemelex Xobeh.
   964 | D        | Noticed a hornet
   964 | D        | Noticed a polar bear
   964 | D        | Noticed a polar bear
   965 | D        | Found an opulent altar of Gozag.
   965 | D        | Found an iron altar of Okawaru.
   965 | D        | Noticed a yaktaur
   965 | D        | Noticed a polar bear
   977 | D        | Killed a polar bear
   980 | D        | Killed a polar bear
   980 | D        | Reached skill level 11 in Polearms
   980 | D        | Reached XP level 9. HP: 58/77 MP: 9/9
   985 | D        | Killed a polar bear
   987 | D        | Killed a yaktaur
   987 | D        | Reached skill level 12 in Polearms
   987 | D        | Reached skill level 1 in Stealth
  1182 | D        | Noticed a kraken
  1777 | D        | Noticed Roxanne
  1808 | D        | Bought a runed plate armour for 858 gold pieces
  1892 | D        | Reached skill level 10 in Shields
  1925 | D        | Reached XP level 10. HP: 50/86 MP: 10/10
  1941 | D        | Reached skill level 13 in Polearms
  1999 | D        | Bought a ration for 55 gold pieces
  2197 | D        | Noticed Kirke
  2197 | D        | Noticed a skeletal warrior
  2292 | D        | Killed a skeletal warrior
  2313 | D        | Slain by Kirke

Levels and vault maps discovered:
D:        the_violet_keep_of_menkaure [sprint2_stairs_cluster_1,
          sprint2_shoproom, sprint2_temple, sprint2_basic_supplies,
          sprint2_obstacle_1, sprint2_obstacle_7, sprint2_obstacle_6,
          sprint2_obstacle_5, sprint2_obstacle_2, sprint2_timed_cluster_1,
          sprint2_smallroom_cluster_1, sprint2_smallroom_final_cluster_1,
          sprint2_transparent_cluster_1, sprint2_second_timed_cluster_1,
          sprint2_sniper_area_1, sprint2_heavy_combat_area_1,
          sprint2_mutation_trap_area_1, sprint2_forest_area_1,
          sprint2_light_combat_area_1, sprint2_behind_water_1,
          sprint2_near_end_vault_1]

Skill      XL: |  1  2  3  4  5  6  7  8  9 10 |
---------------+-------------------------------+-----
Fighting       | 7 8 9 10 11 | 11.6
Polearms       | 6 7 8 11 12 13 | 13.7
Armour         | 6 7 8 9 |  9.8
Dodging        | 1 2 4 |  4.4
Shields        | 6 7 8 9 10 | 10.9
Stealth        | 1 |  1.4

Action                   |  1- 3 |  4- 6 |  7- 9 | 10-12 || total
-------------------------+-------+-------+-------+-------++-------
Melee: Trident           |    63 |     6 |   184 |    95 ||   348
       Headbutt          |       |     3 |    36 |    22 ||    61
       Kick              |       |     1 |    32 |       ||    33
       Unarmed           |       |       |       |     5 ||     5
  Use: Potion            |       |     1 |     1 |     8 ||    10
       Scroll            |       |       |     2 |       ||     2
  Eat: Chunk             |       |       |     2 |       ||     2
       Ration            |       |       |       |     1 ||     1
Armor: Scale mail        |     5 |       |    31 |       ||    36
       Plate armour      |       |       |    26 |    17 ||    43
Dodge: Dodged            |     3 |       |    41 |    14 ||    58
Block: Shield            |     4 |     1 |   107 |    25 ||   137

Table legend:
 A = Non-vault XP
 B = Vault XP
 C = Vault XP percentage of total XP
 D = Non-vault monster count
 E = Vault monster count
 F = Vault count percentage of total count
                 A         B        C        D         E       F
            +---------+---------+-------+---------+---------+-------
      Total |       0 |    7527 | 100.0 |       0 |      33 | 100.0
            +---------+---------+-------+---------+---------+-------
          D |       0 |    7527 | 100.0 |       0 |      33 | 100.0
            +---------+---------+-------+---------+---------+-------
